 Dungeon Crawl Stone Soup version 0.30-a0-760-g5a9884bb7c (webtiles) character file.

Game seed: 2657824198534677943

97 sircluck the Sneak (level 5, -1/31 HPs)
             Began as a Kobold Brigand on Feb 10, 2023.
             Slain by Natasha (3 damage)
             ... on level 2 of the Dungeon.
             The game lasted 00:02:32 (1699 turns).

sircluck the Sneak (Kobold Brigand)                 Turns: 1699, Time: 00:02:33

Health: -1/31      AC:  3    Str:  8    XL:     5   Next: 0%
Magic:  5/5        EV: 14    Int: 12    God:
Gold:   93         SH:  0    Dex: 19    Spells: 4/4 levels left

rFire   . . .      SeeInvis .    a - +2 dagger
rCold   . . .      Faith    .    (no shield)
rNeg    . . .      Spirit   .    b - +0 robe
rPois   .          Reflect  .    (no helmet)
rElec   .          Harm     .    c - +0 cloak
rCorr   .          Rampage  .    (no gloves)
Will    .....                    (no boots)
Stlth   +++++                    (no amulet)
HPRegen 0.25/turn                (no ring)
MPRegen 0.09/turn                (no ring)

@: no status effects
A: small, no large weapons, nightstalker 3
a: no special abilities


You were on level 2 of the Dungeon.
You visited 1 branch of the dungeon, and saw 2 of its levels.

You collected 93 gold pieces.

Inventory:

Hand Weapons
 a - a +2 dagger (weapon)
 k - a +1 dagger of electrocution
 m - a +1 dagger of speed
 o - a +1 dagger of speed
Missiles
 d - 14 poisoned darts (quivered)
 e - 3 curare-tipped darts
 l - 35 stones
Armour
 b - a +0 robe (worn)
 c - a +0 cloak (worn)
Scrolls
 f - 2 scrolls of teleportation {unknown}
 g - 2 scrolls of identify {unknown}
 h - a scroll of blinking {unknown}
 i - 2 scrolls of enchant armour {unknown}
 j - a scroll of vulnerability {unknown}
 p - a scroll of noise {unknown}
Potions
 n - a potion of heal wounds {unknown}


   Skills:
 + Level 2.5 Fighting
 + Level 3.3 Short Blades
 + Level 2.1 Throwing
 + Level 1.5 Dodging
 * Level 7.6 Stealth


You had 4 spell levels left.
You didn't know any spells.
Your spell library contained the following spells:

 Spells                   Type           Power      Damage    Failure   Level
 Summon Ice Beast         Ice/Summ       0%         N/A       97%         4
 Summon Mana Viper        Hex/Summ       0%         N/A       100%        5
 Monstrous Menagerie      Summ           0%         N/A       100%        7


Dungeon Overview and Level Annotations

Branches:
Dungeon (2/15)

Altars:

Annotations:
D:2 Natasha


Innate Abilities, Weirdness & Mutations

You are small and have problems with some larger weapons.
You are completely attuned to the shadows.


Message History

Natasha is nearby!
Natasha is nearby!
Natasha hisses angrily.
Natasha casts a spell at you. You resist with some effort. Natasha claws you.
You hit Natasha but do no damage.
Natasha mumbles some strange words.
You closely miss the crimson imp. Natasha claws you.
You hit the crimson imp but do no damage.
The crimson imp barely misses you.
Natasha mumbles some strange words.
You hit the crimson imp.
The crimson imp is moderately wounded.
The crimson imp misses you. Natasha claws you!
You are too injured to fight recklessly!
You are too injured to fight recklessly!
You are too injured to fight recklessly!
You are too injured to fight recklessly!
You hit Natasha.
Natasha is lightly wounded.
The crimson imp hits you but does no damage.
You miss Natasha.
Natasha is lightly wounded.
Natasha claws you.
* * * LOW HITPOINT WARNING * * *
The crimson imp blinks!
The crimson imp barely misses you.
You closely miss Natasha. You punch Natasha, but do no damage.
Natasha is lightly wounded.
Natasha casts a spell at you. The magic dart hits you!
* * * LOW HITPOINT WARNING * * *
The crimson imp barely misses you. Natasha attacks as you move away!
Natasha claws you but does no damage.
The crimson imp hits you but does no damage.
The crimson imp closely misses you. The crimson imp puffs mist at you.
The crimson imp hits you but does no damage.
The crimson imp blinks!
Natasha claws you.
You die...

#.#.#.#..##.#
#........##.#
###.#.#.###.#
#.....###[####
###.....#....# #
#.#.#.#.....#####.#
#.#.#......5.ยง.....
###.#.........5h.....
#
#.............@#####.
###.######>......#
....# ##.....## ##..#
#....## ##..# #.#.##
##..#######.#.#
#.....)......#
#..#####.##### #..#
#.#


You could see Natasha and 2 crimson imps.

Vanquished Creatures
  A hound (D:2)
  Natasha (D:2)
  A dart slug (D:1)
  A ball python (D:1)
  4 endoplasms
  5 goblins
  2 hobgoblins (D:1)
  3 jackals (D:2)
  4 kobolds (D:1)
  4 quokkas
  8 bats
  A frilled lizard (D:1)
  2 rats (D:1)
37 creatures vanquished.

Notes
Turn   | Place    | Note
-------+----------+-------------------------------------------
     0 | D:1      | sircluck the Kobold Brigand began the quest for the Orb.
     0 | D:1      | Reached XP level 1. HP: 12/12 MP: 1/1
   214 | D:1      | Reached XP level 2. HP: 18/18 MP: 2/2
   676 | D:1      | Reached skill level 6 in Stealth
   792 | D:1      | Reached XP level 3. HP: 22/22 MP: 3/3
  1518 | D:2      | Reached skill level 7 in Stealth
  1518 | D:2      | Reached XP level 4. HP: 27/27 MP: 4/4
  1617 | D:2      | Noticed Natasha
  1623 | D:2      | Killed Natasha
  1676 | D:2      | Reached XP level 5. HP: 31/31 MP: 5/5
  1685 | D:2      | Noticed Natasha
  1699 | D:2      | Slain by Natasha

Illustrated notes

Levels and vault maps discovered:
D:1:      dpeg_arrival_tiny_c, layout_basic, ebering_dispersal_statue_hall
D:2:      layout_loops_ring, serial_shops, nicolae_shop_hallway_plus,
          grunt_decor_one_mirror, minmay_rat_gold_closets, uniq_natasha

Skill      XL: |  1  2  3 |
---------------+----------+-----
Stealth        | 6 7 |  7.6
Short Blades   | 3 |  3.3
Fighting       | |  2.5
Throwing       | |  2.1
Dodging        | |  1.5

Action                     |  1- 3 |  4- 6 || total
---------------------------+-------+-------++-------
  Melee: Dagger            |    77 |    12 ||    89
         Punch             |       |     1 ||     1
   Stab: Sleeping          |    19 |     2 ||    21
 Armour: Robe              |    17 |     5 ||    22
  Dodge: Dodged            |    47 |     6 ||    53

Table legend: (Time is in decaauts)
 A = Elapsed time spent in this place.
 B = Non-inter-level travel time spent in this place.
 C = Inter-level travel time spent in this place.
 D = Time resting spent in this place.
 E = Time spent auto-exploring this place.
 F = Levels seen in this place.
 G = Mean time per level.
                   A        B        C        D        E       F      G
               +--------+--------+--------+--------+--------+-----+--------+
         Total |   1687 |   1642 |     45 |      0 |   1374 |   2 |  843.5 |
       Dungeon |   1687 |   1642 |     45 |      0 |   1374 |   2 |  843.5 |
               +--------+--------+--------+--------+--------+-----+--------+

Top non-repeatable levels by time:
     D:1: 1266 daAuts
     D:2: 420 daAuts
